 Dungeon Crawl Stone Soup version 0.29.1-2-gbd0b4ee654 (webtiles) character file.

Game seed: 6813370073645549763

177 Zdar78 the Trooper (level 5, -8/47 HPs)
             Began as a Minotaur Berserker on Oct 31, 2022.
             Was a Believer of Trog.
             Mangled by an ice beast (14 damage)
             ... on level 4 of the Dungeon.
             The game lasted 00:26:34 (4317 turns).

Zdar78 the Trooper (Minotaur Berserker)             Turns: 4317, Time: 00:26:35

Health: -8/47      AC:  5    Str: 23    XL:     5   Next: 30%
Magic:  4/4        EV: 11    Int:  4    God:    Trog [**....]
Gold:   248        SH:  3    Dex: 10    Spells: 4/4 levels left

rFire   . . .      SeeInvis .   c - +2 hand axe (elec)
rCold   . . .      Faith    .   j - +0 buckler
rNeg    . . .      Spirit   .   k - +0 ring mail
rPois   .          Reflect  .   (helmet restricted)
rElec   .          Harm     .   (no cloak)
rCorr   .          Rampage  .   (no gloves)
Will    .....                   (no boots)
Stlth   ..........              (no amulet)
HPRegen 0.15/turn               (no ring)
MPRegen 0.09/turn               (no ring)

@: no status effects
A: horns 2, retaliatory headbutt
a: Renounce Religion, Berserk, Trog's Hand


You were on level 4 of the Dungeon.
You worshipped Trog.
Trog was pleased with you.
You visited 1 branch of the dungeon, and saw 4 of its levels.

You collected 248 gold pieces.

Inventory:

Hand Weapons
 a - a +0 hand axe
 c - a +2 hand axe of electrocution (weapon)
 d - a +0 sling
 h - a +0 dagger
 m - a +0 rapier
 s - a +0 club
 x - a +0 flail of protection
 A - a +0 war axe
Missiles
 y - 8 stones
 B - 14 poisoned darts
Armour
 b - a +0 animal skin
 j - a +0 buckler (worn)
 k - a +0 ring mail (worn)
 l - a +0 robe
 o - a +0 ring mail
 p - a +0 robe
Wands
 t - a wand of polymorph (7)
Scrolls
 f - 2 scrolls of poison {unknown}
 i - a scroll of enchant weapon
 q - a scroll of butterflies {unknown}
 w - a scroll of noise
 C - a scroll of amnesia {unknown}
 E - a scroll of identify {unknown}
 F - a scroll of brand weapon {unknown}
Potions
 e - a potion of flight
 g - a potion of invisibility {unknown}
 n - a potion of might {unknown}
 r - a potion of curing {unknown}
 u - 3 potions of berserk rage {unknown}
 v - a potion of attraction {unknown}
 z - a potion of haste {unknown}
 D - a potion of lignification {unknown}


   Skills:
 + Level 4.8 Fighting
 + Level 4.8 Axes
 + Level 3.9 Armour
 + Level 3.5 Dodging


You had 4 spell levels left.
You didn't know any spells.
Your spell library contained the following spells:

 Spells                   Type           Power      Damage    Failure   Level
 Static Discharge         Conj/Air       0%         3-3/arc   88%         2
 Summon Ice Beast         Ice/Summ       0%         N/A       100%        4
 Lightning Bolt           Conj/Air       0%         1d11      100%        5
 Summon Mana Viper        Hex/Summ       0%         N/A       100%        5
 Monstrous Menagerie      Summ           0%         N/A       100%        7
 Maxwell's Capacitive Co  Air            0%         ∞         100%        8


Dungeon Overview and Level Annotations

Branches:
Dungeon (4/15)
 Temple: D:4-7

Altars:


Innate Abilities, Weirdness & Mutations

You have a pair of horns on your head.
You reflexively headbutt those who attack you in melee.


Message History

You barely miss the endoplasm.
The endoplasm is lightly wounded.
The endoplasm hits you but does no damage.
You hit the endoplasm.
Lightning courses through the endoplasm!
You kill the endoplasm!
Trog accepts your kill.
A giant cockroach comes into view.
The giant cockroach closely misses you.
The giant cockroach bites you but does no damage.
You slash the giant cockroach!
Lightning courses through the giant cockroach!
You kill the giant cockroach!
Trog accepts your kill.
Found a book of Beasts.
Found a stone staircase leading down.
You see here a giant cockroach corpse.
An ice beast comes into view.
You see here a book of Beasts.
You pick up a book of Beasts and begin reading...
You add the spells Summon Ice Beast, Summon Mana Viper and Monstrous Menagerie to your library.
You see here a giant cockroach corpse.
The ice beast attacks as you move away!
The ice beast hits you but does no damage.
You hit the ice beast.
The ice beast is lightly wounded.
The ice beast hits you. The ice beast freezes you!
You block the ice beast's attack.
You slash the ice beast!
The ice beast is heavily wounded.
The ice beast hits you. The ice beast freezes you.
You closely miss the ice beast.
The ice beast is heavily wounded.
The ice beast hits you. The ice beast freezes you!
* * * LOW HITPOINT WARNING * * *
You closely miss the ice beast.
The ice beast is heavily wounded.
The ice beast hits you.
* * * LOW HITPOINT WARNING * * *
The ice beast freezes you!
You die...

############
......>....#
.#########†##########
#.Y@.......#
##########.#######
#.......# #######.###
#.... ##### ## ..


You could see an ice beast.

Vanquished Creatures
  An orc wizard (D:3)
  3 gnolls (D:3)
  3 adders (D:3)
  An ufetubus (D:2)
  2 worms (D:3)
  6 dart slugs
  3 orcs
  5 ball pythons
  6 endoplasms
  4 giant cockroaches
  9 goblins
  4 hobgoblins
  5 jackals
  2 quokkas
  3 bats
  6 frilled lizards
  4 kobolds
  5 rats
72 creatures vanquished.

Notes
Turn   | Place    | Note
-------+----------+-------------------------------------------
     0 | D:1      | Zdar78 the Minotaur Berserker began the quest for the Orb.
     0 | D:1      | Reached XP level 1. HP: 19/19 MP: 0/0
   471 | D:1      | Reached XP level 2. HP: 26/27 MP: 1/1
  1037 | D:1      | Reached XP level 3. HP: 32/33 MP: 2/2
  1206 | D:1      | Reached ** piety under Trog
  1643 | D:2      | Identified a scroll of acquirement
  1643 | D:2      | Acquired a +1 hand axe of electrocution
  2673 | D:2      | Reached XP level 4. HP: 21/41 MP: 3/3
  3012 | D:3      | Found a faded altar of an unknown god.
  3065 | D:3      | Reached XP level 5. HP: 34/47 MP: 4/4
  4304 | D:4      | Noticed an ice beast
  4317 | D:4      | Mangled by an ice beast

Illustrated notes

Levels and vault maps discovered:
D:1:      lemuel_arrival_muddy, layout_loops_ring, minmay_box_of_dots
D:2:      layout_basic, kennysheep_decorative_pillar, grunt_decor_arrowhead
D:3:      layout_basic, ebering_ecumenical_altar_hall,
          cheibrodos_sewer_entry_bend
D:4:      layout_loops_ring, minitemple, minmay_temple_entry_proselytizer,
          uniq_menkaure, uniq_crazy_yiuf_cottage

Skill      XL: |  1  2  3 |
---------------+----------+-----
Axes           | 4 |  4.8
Fighting       | 4 |  4.8
Armour         | 3 |  3.9
Dodging        | 3 |  3.5

Action                   |  1- 3 |  4- 6 || total
-------------------------+-------+-------++-------
Melee: Hand axe          |    84 |    50 ||   134
       Punch             |     1 |       ||     1
       Headbutt          |     8 |     8 ||    16
  Use: Scroll            |     7 |       ||     7
       Potion            |     2 |       ||     2
Armor: Animal skin       |    13 |       ||    13
       Ring mail         |     3 |    10 ||    13
Dodge: Dodged            |    52 |    24 ||    76
Block: Buckler           |     1 |     4 ||     5
